Map: Cyber Forest LE

Players

Cham - Winner!

  • Race: Zerg Zerg
  • Spawn Location: 11:00

GunGFuBanDa

  • Race: Protoss Protoss
  • Spawn Location: 5:00

Event: 2019 WCS Summer

VOD

Have the link to the VOD?

Description

Time

  • Played on: July 12, 2019, 9:33 a.m.
  • Length: 9:44

All games in this series

Show
View Real Time Build Order
Export as new Build Order

Cham Zerg - Winner!

Build Orders: Hatch First 

Get SALT Encoding   

  12  0:00  Drone  
  13  0:08  Drone  
  14  0:16  Overlord  
  14  0:35  Drone x2  
  16  0:42  Drone  
  17  0:52  Hatchery  
  17  0:55  Drone  
  17  1:00  Drone  
  18  1:10  Extractor  
  17  1:13  Spawning Pool  
  17  1:17  Drone  
  17  1:21  Drone  
  18  1:28  Drone  
  19  1:41  Drone  
  20  1:50  Overlord  
  20  2:02  Queen  
  20  2:06  Zergling x4  
  20  2:07  Queen  
  26  2:11  Metabolic Boost  
  26  2:13  Drone  
  27  2:18  Drone  
  27  2:22  Drone  
  29  2:35  Drone  
  29  2:36  Zergling x2  
  31  2:47  Drone x2  
  33  2:56  Overlord  
  33  2:57  Drone  
  33  3:01  Overlord  
  33  3:03  Hatchery  
  32  3:07  Queen  
  32  3:10  Drone  
  35  3:14  Zergling x2  
  35  3:18  Spore Crawler  
  35  3:20  Drone x2  
  35  3:24  Spore Crawler  
  34  3:29  Drone  
  34  3:31  Drone x2  
  38  3:40  Drone x2  
  40  3:42  Drone  
  40  3:43  Drone  
  42  3:51  Drone x2  
  44  3:56  Roach Warren  
  44  3:57  Drone  
  44  4:04  Overlord  
  44  4:05  Drone  
  44  4:07  Extractor  
  44  4:11  Drone x2  
  46  4:17  Queen  
  46  4:21  Drone x2  
  46  4:23  Drone x2  
  51  4:26  Drone  
  51  4:28  Drone x2  
  51  4:30  Drone  
  55  4:35  Queen  
  57  4:42  Drone x3  
  60  4:51  Drone  
  57  4:52  Spore Crawler  
  57  4:53  Drone x2  
  57  4:55  Drone  
  57  4:56  Lair  
  60  5:03  Drone x2  
  60  5:05  Overlord  
  62  5:07  Overlord  
  62  5:08  Drone x2  
  64  5:15  Overlord  
  64  5:18  Overlord, Spore Crawler  
  64  5:20  Drone x2  
  65  5:24  Overlord  
  65  5:25  Roach  
  65  5:26  Roach  
  69  5:30  Overlord  
  69  5:31  Overlord  
  69  5:35  Extractor  
  69  5:36  Drone  
  69  5:37  Drone x2  
  69  5:42  Roach x3  
  79  5:43  Roach  
  79  5:47  Drone  
  79  5:48  Drone  
  78  5:51  Roach x2  
  78  5:52  Overlord  
  78  5:56  Drone  
  81  5:58  Drone  
  81  6:01  Glial Reconstitution  
  81  6:02  Drone  
  81  6:03  Roach  
  81  6:04  Roach  
  87  6:07  Drone  
  87  6:09  Drone x2  
  90  6:11  Overlord  
  90  6:13  Roach x2  
  90  6:16  Roach  
  95  6:20  Roach x2  
  95  6:21  Roach  
  101  6:28  Overlord  
  101  6:29  Queen  
  101  6:30  Queen  
  105  6:35  Overlord  
  105  6:38  Overlord  
  105  6:40  Roach x2  
  105  6:44  Roach x3  
  114  6:47  Overlord  
  114  6:51  Spore Crawler  
  114  6:54  Roach x2  
  117  7:04  Roach x7  
  117  7:08  Overlord  
  131  7:09  Overlord  
  131  7:13  Overlord  
  130  7:16  Roach  
  130  7:17  Roach x3  
  125  7:26  Roach x4  
  126  7:31  Roach x2  
  126  7:34  Roach  
  126  7:36  Roach x2  
  130  7:40  Zergling x2  
  130  7:41  Zergling x2  
  130  7:44  Ravager x2  
  132  7:45  Ravager  
  132  7:46  Zergling x8  
  132  7:47  Zergling x2  
  132  7:49  Zergling x2  
  132  7:51  Zergling x2, Ravager  
  140  7:55  Zergling x2  
  140  7:57  Zergling x4  
  144  8:02  Ravager  
  145  8:09  Zergling x6  
  132  8:15  Roach x3  
  119  8:21  Roach  
  119  8:25  Zergling x2, Roach x2  
  119  8:26  Zergling x2, Queen x2  
  116  8:27  Zergling x2  
  116  8:31  Roach  
  113  8:37  Roach  
  113  8:39  Roach  
  113  8:40  Zergling x2, Roach  
  113  8:41  Zergling x4, Queen  
  119  8:49  Evolution Chamber  
  119  8:50  Roach x2  
  119  8:54  Roach  
  119  8:55  Zergling x2  
  121  8:58  Hatchery  
  121  9:02  Drone x2  
  122  9:05  Baneling Nest  
  122  9:06  Drone  
  122  9:12  Drone  
  122  9:13  Drone  
  122  9:20  Drone x2  
  122  9:22  Drone x2  
  122  9:23  Drone x3  
  120  9:24  Overseer  
  120  9:25  Drone  
  120  9:29  Drone  
Show
View Real Time Build Order
Export as new Build Order

GunGFuBanDa Protoss 

Build Orders: 1 Gate Expand, Oracle Opening, Archon Immortal 

Get SALT Encoding   

  12  0:00  Probe  
  13  0:12  Probe  
  14  0:17  Pylon  
  14  0:24  Probe  
  15  0:32  Probe  
  15  0:38  Gateway  
  15  0:40  Probe  
  16  0:48  Assimilator  
  17  0:51  Probe  
  18  1:03  Probe  
  19  1:15  Probe  
  20  1:25  Nexus  
  20  1:35  Cybernetics Core  
  20  1:38  Probe  
  21  1:43  Assimilator  
  21  1:50  Probe  
  21  1:52  Pylon  
  22  2:00  Pylon  
  22  2:01  Adept  
  22  2:04  Probe  
  25  2:16  Probe  
  25  2:20  Pylon  
  25  2:21  Adept  
  26  2:24  Stargate  
  28  2:40  Cybernetics Core  
  28  2:47  Probe  
  29  2:56  Probe  
  31  2:59  Probe  
  31  3:00  Warp Gate  
  31  3:03  Sentry  
  31  3:04  Probe  
  34  3:15  Oracle, Gateway  
  34  3:19  Probe  
  38  3:28  Probe  
  38  3:31  Probe  
  40  3:34  Adept  
  42  3:44  Oracle  
  42  3:51  Probe, Pylon  
  42  3:52  Probe  
  45  4:03  Probe  
  45  4:06  Probe  
  46  4:11  Pylon  
  46  4:13  Pylon x2  
  46  4:23  Robotics Facility  
  46  4:24  Assimilator  
  46  4:27  Probe, Assimilator  
  46  4:29  Probe  
  48  4:35  Probe  
  48  4:38  Twilight Council  
  48  4:41  Probe  
  48  4:43  Probe  
  50  4:45  Pylon  
  51  4:53  Probe  
  51  4:56  Probe  
  53  5:01  Warp Prism  
  53  5:02  Zealot x2  
  53  5:05  Probe  
  60  5:14  Templar Archives  
  60  5:16  Gateway  
  60  5:18  Probe  
  60  5:20  Charge  
  61  5:32  Gateway  
  61  5:34  Probe, Gateway  
  62  5:54  High Templar x2  
  66  5:59  Observer, Archon  
  66  6:01  Pylon  
  66  6:04  Gateway x2  
  67  6:09  Nexus  
  67  6:14  Pylon  
  67  6:15  Immortal  
  67  6:19  High Templar  
  73  6:28  High Templar  
  73  6:30  Zealot x2  
  79  6:35  Probe  
  79  6:36  Archon  
  81  6:40  Probe  
  81  6:42  Forge  
  80  6:47  Probe  
  81  7:01  Shield Battery  
  81  7:02  Probe  
  82  7:11  Zealot x6  
  82  7:14  Immortal  
  94  7:20  Probe x2  
  84  7:37  Sentry x3, High Templar  
  80  7:38  High Templar  
  80  7:43  Immortal  
  82  7:44  Archon  
  82  7:45  Probe  
  82  7:46  Probe x2  
  85  7:54  Zealot  
  85  7:57  Sentry, Probe  
  92  8:07  Zealot x3  
  92  8:12  Immortal  
  95  8:17  Zealot x3  
  95  8:18  Probe  
  94  8:23  Zealot  
  74  8:30  Sentry  
  74  8:31  Zealot x2  
  74  8:39  Stalker x2  
  72  8:41  Zealot  
  71  8:49  Zealot  
  71  8:51  High Templar x2  
  71  8:52  Immortal  
  74  8:55  Archon  
  74  8:58  Zealot  
  79  9:16  Zealot x2  
  79  9:17  Zealot  
  83  9:22  Zealot x2  
  75  9:29  Zealot  
  67  9:38  Zealot x3  
Tags
 
Add a new tag
Caveats
  • Supply blocks, unpowered buildings, or Contaminate may cause inaccurate times.
  • Supply counts are checked every 10 seconds.